Map: 월드 오브 슬리퍼스 - 래더

Players

Rogue - Winner!

  • Race: Zerg Zerg
  • Spawn Location: 1:00

Zest

  • Race: Protoss Protoss
  • Spawn Location: 7:00

Event: IEM Katowice 2020

VOD

Have the link to the VOD?

Description

Time

  • Played on: Feb. 27, 2020, 9:33 a.m.
  • Length: 9:26

All games in this series

Show
View Real Time Build Order
Export as new Build Order

Rogue Zerg - Winner!

Build Orders: Hatch First, Swarm Host 

Get SALT Encoding   

  12  0:00  Drone  
  13  0:12  Overlord  
  13  0:17  Drone  
  14  0:30  Drone x2  
  16  0:47  Drone x2  
  18  0:56  Hatchery  
  17  0:57  Drone  
  17  1:01  Extractor  
  17  1:12  Spawning Pool  
  17  1:15  Drone  
  17  1:18  Drone  
  18  1:27  Drone  
  19  1:38  Overlord  
  19  1:49  Drone  
  20  2:00  Zergling x2, Queen  
  23  2:06  Metabolic Boost  
  23  2:07  Queen  
  26  2:08  Zergling x2  
  26  2:10  Drone  
  27  2:19  Drone  
  27  2:21  Drone  
  29  2:30  Drone  
  30  2:41  Hatchery, Drone  
  30  2:42  Drone  
  31  2:48  Queen  
  33  2:52  Overlord  
  33  2:58  Drone x2  
  35  3:03  Drone  
  36  3:15  Drone x2  
  36  3:16  Drone x3  
  36  3:17  Spore Crawler  
  40  3:25  Zergling x2  
  41  3:28  Queen  
  43  3:34  Spore Crawler  
  43  3:35  Zergling x2  
  43  3:36  Overlord  
  43  3:43  Overlord  
  43  3:45  Drone  
  44  3:49  Pneumatized Carapace  
  44  3:51  Overlord  
  44  3:54  Overlord  
  45  3:55  Drone x3  
  45  3:59  Queen  
  49  4:03  Drone x2  
  49  4:06  Spore Crawler  
  49  4:08  Drone  
  51  4:10  Drone  
  51  4:11  Drone  
  51  4:16  Drone  
  51  4:17  Drone x2  
  56  4:20  Extractor  
  56  4:23  Zergling x6  
  58  4:25  Drone  
  58  4:26  Drone  
  59  4:35  Roach Warren  
  59  4:37  Drone x4  
  62  4:45  Drone x3  
  64  4:49  Overlord  
  65  4:53  Extractor  
  65  4:54  Zergling x4  
  65  4:56  Overlord  
  65  4:58  Drone  
  67  5:01  Extractor  
  67  5:04  Drone  
  67  5:06  Lair  
  67  5:07  Drone  
  67  5:11  Drone x9  
  67  5:13  Drone  
  76  5:20  Drone  
  77  5:21  Evolution Chamber  
  77  5:22  Overlord  
  77  5:23  Overlord  
  76  5:29  Extractor  
  76  5:30  Extractor  
  76  5:31  Spore Crawler, Drone x2  
  76  5:35  Overlord  
  75  5:38  Drone  
  76  5:45  Drone  
  76  5:46  Drone x4  
  76  5:48  Zerg Missile Weapons Level 1  
  80  5:55  Drone x2  
  80  5:56  Drone  
  81  6:00  Hatchery, Drone x3  
  81  6:01  Drone x2  
  85  6:05  Overlord  
  85  6:12  Glial Reconstitution  
  85  6:13  Infestation Pit  
  85  6:16  Roach x3  
  90  6:19  Roach  
  90  6:20  Roach  
  90  6:25  Drone  
  95  6:31  Roach x4  
  103  6:39  Overlord  
  101  6:40  Overlord x2  
  101  6:41  Overlord  
  101  6:49  Overlord  
  101  6:54  Swarm Host x3  
  101  6:55  Nydus Network, Swarm Host x2  
  101  6:59  Ravager x3  
  101  7:00  Swarm Host  
  101  7:01  Swarm Host  
  120  7:02  Swarm Host  
  120  7:06  Roach x2  
  120  7:07  Zergling x2  
  120  7:08  Zergling x2  
  132  7:09  Zergling x2  
  132  7:12  Zergling x6  
  132  7:14  Zergling x2  
  137  7:18  Overlord  
  137  7:20  Roach x2  
  137  7:21  Roach  
  143  7:24  Ravager x3  
  143  7:26  Roach  
  143  7:28  Roach  
  147  7:33  Nydus Canal  
  147  7:36  Zergling x2, Roach x3  
  147  7:37  Zergling x6  
  156  7:42  Roach  
  154  7:45  Roach x2  
  154  7:46  Roach x3  
  154  7:50  Roach x2  
  166  7:52  Roach  
  166  7:55  Roach  
  166  7:56  Roach  
  166  7:58  Roach  
  163  8:00  Roach  
  163  8:01  Roach x2  
  163  8:04  Roach  
  163  8:05  Roach  
  165  8:08  Roach  
  165  8:09  Roach  
  166  8:14  Nydus Canal  
  166  8:16  Drone x2  
  166  8:17  Drone  
  167  8:20  Drone  
  167  8:36  Swarm Host  
  167  8:37  Overlord x2  
  167  8:38  Overlord  
  167  8:39  Hatchery  
  170  8:45  Overlord x3  
  170  8:53  Hatchery  
  163  9:01  Roach x6  
  163  9:02  Roach  
  169  9:03  Roach  
  147  9:17  Nydus Canal  
Show
View Real Time Build Order
Export as new Build Order

Zest Protoss 

Build Orders: 1 Gate Expand, Oracle Opening, Zealot Archon 

Get SALT Encoding   

  12  0:00  Probe  
  13  0:14  Pylon  
  13  0:17  Probe (Chrono Boost)  
  15  0:29  Probe (Chrono Boost)  
  15  0:34  Probe (Chrono Boost)  
  16  0:38  Gateway  
  16  0:43  Probe  
  16  0:48  Assimilator  
  17  0:55  Probe  
  18  1:08  Probe  
  19  1:20  Probe  
  20  1:27  Nexus  
  20  1:36  Cybernetics Core  
  20  1:37  Probe  
  21  1:42  Assimilator  
  21  1:49  Probe  
  21  1:51  Pylon  
  23  2:01  Probe  
  23  2:10  Adept (Chrono Boost)  
  23  2:13  Probe  
  26  2:20  Stargate  
  26  2:25  Probe  
  26  2:29  Warp Gate  
  27  2:33  Adept  
  29  2:40  Probe (Chrono Boost)  
  29  2:42  Probe (Chrono Boost)  
  31  2:49  Probe (Chrono Boost)  
  33  2:52  Probe (Chrono Boost)  
  33  2:54  Probe (Chrono Boost)  
  34  3:00  Pylon  
  34  3:01  Probe, Oracle (Chrono Boost)  
  38  3:06  Probe  
  38  3:10  Stalker  
  41  3:14  Probe  
  41  3:19  Probe  
  43  3:22  Gateway  
  43  3:26  Probe  
  44  3:33  Probe  
  45  3:36  Oracle (Chrono Boost)  
  45  3:38  Probe  
  49  3:42  Assimilator  
  49  3:44  Pylon  
  49  3:45  Probe, Assimilator  
  50  3:50  Probe  
  51  3:58  Probe  
  51  4:02  Probe  
  53  4:04  Oracle (Chrono Boost)  
  56  4:10  Probe  
  56  4:14  Probe  
  56  4:15  Pylon  
  58  4:17  Adept x2  
  62  4:26  Robotics Facility  
  62  4:33  Probe (Chrono Boost), Nexus  
  62  4:37  Probe (Chrono Boost)  
  64  4:43  Pylon  
  64  4:44  Pylon  
  64  4:45  Probe (Chrono Boost)  
  65  4:49  Probe (Chrono Boost)  
  65  4:50  Sentry x2  
  70  4:59  Twilight Council  
  70  5:00  Forge  
  70  5:01  Probe x2  
  70  5:05  Shield Battery  
  72  5:13  Probe  
  73  5:14  Probe  
  73  5:19  Immortal (Chrono Boost)  
  74  5:27  Probe x2  
  80  5:29  Protoss Ground Weapons Level 1 (Chrono Boost)  
  80  5:30  Sentry  
  80  5:32  Zealot  
  84  5:36  Charge  
  84  5:39  Probe x2  
  86  5:43  Gateway  
  86  5:44  Gateway  
  86  5:47  Probe  
  87  5:51  Probe  
  87  5:53  Immortal (Chrono Boost)  
  92  6:02  Pylon  
  92  6:03  Templar Archives  
  92  6:08  Gateway  
  92  6:11  Gateway  
  92  6:14  Gateway  
  92  6:21  Warp Prism (Chrono Boost)  
  94  6:29  Gateway  
  94  6:31  Gateway  
  94  6:33  Pylon  
  94  6:41  Pylon  
  94  6:43  High Templar x2  
  94  6:44  Zealot x2  
  102  6:48  Pylon  
  102  6:49  Archon, Observer (Chrono Boost)  
  103  6:54  Pylon  
  103  6:55  Probe x2  
  105  7:05  Zealot  
  107  7:14  High Templar x2, Zealot x2  
  107  7:15  Probe x3  
  117  7:18  Pylon  
  117  7:19  Pylon, Archon  
  117  7:20  Pylon, Zealot x2  
  117  7:21  Pylon  
  122  7:23  Zealot  
  122  7:25  Zealot  
  122  7:26  Zealot  
  122  7:27  Probe  
  129  7:44  Zealot x2  
  129  7:45  Zealot  
  126  7:56  Zealot x6  
  92  8:11  Zealot x9  
  95  8:20  Immortal (Chrono Boost)  
  95  8:22  Probe x2  
  101  8:32  Stalker x3  
  107  8:50  Zealot x5  
  107  8:55  Zealot x3  
  89  9:17  Zealot x7  

Tags
 
Add a new tag
Caveats
  • Supply blocks, unpowered buildings, or Contaminate may cause inaccurate times.
  • Supply counts are checked every 10 seconds.